 Dungeon Crawl Stone Soup version bcrawl-1.15.1 (webtiles) character file.

Game seed: 6815136937336448512

214846 pheathergobbo575 the Fencer (level 18, -4/163 HPs)
             Began as a Demigod Skald on Sept 29, 2019.
             Slain by a vault guard
             ... wielding a +0 bardiche
              (12 damage)
             ... on level 1 of the Vaults.
             The game lasted 01:36:38 (29911 turns).

pheathergobbo575 the Fencer (Demigod Skald)        Turns: 29911, Time: 01:36:38

Health: -4/163     AC: 31    Str: 32    XL:     18   Next: 31%
Magic:  0/31       EV: 24    Int: 24    God:    Demigod [******]
Gold:   541        SH: 16    Dex: 16    Spells: 4/20 levels left

rFire    + + .     SeeInvis .   K - +6 scimitar (chaos)
rCold    x . .     Gourm    .   j - +1 buckler {reflect}
rNeg     . . .     Faith    .   V - +8 fire dragon scales
rPois    .         Spirit   +   P - +2 hat {Int+3}
rElec    +         Reflect  +   v - scarf {Spirit}
rCorr    .         Harm     .   B - +0 pair of gloves
MR       +....                  e - +2 pair of boots
Stlth    +.........             J - amulet "Vygaomm" {Regen+ Int+4}
HPRegen  1.77/turn              x - ring of Phasing {EV+8}
MPRegen  0.22/turn              M - ring of Riafreg {rElec Slay+6}

@: mighty, heroism, marked, regenerating
A: horns 1, high mp 1, wild magic 1
}: 1/15 runes: decaying
a: Temporal Distortion, Growth, Major Destruction, Heroism, Divine Shield,
Smiting


You were on level 1 of the Vaults.
You worshipped Demigod.
Demigod was exalted by your worship.
You were hungry.

You visited 7 branches of the dungeon, and saw 25 of its levels.
You visited the Abyss 1 time.
You also visited: Volcano.

You collected 3199 gold pieces.
You spent 2658 gold pieces at shops.

Inventory:

Hand Weapons
 b - a +2 triple sword of flaming
 K - a +6 scimitar of chaos (weapon)
Armour
 e - a +2 pair of boots (worn)
 j - a +1 buckler of reflection (worn)
 v - a scarf of spirit shield (worn)
 B - a +0 pair of gloves (worn)
 L - the +6 plate armour "Ycwomell" {*Slow rPois rN+ Regen+}
   (You acquired it on level 6 of the Lair of Beasts)

   It protects you from poison.
   It protects you from negative energy.
   It increases your rate of regeneration.
   It may slow you when you take damage.
 P - a +2 hat of intelligence (worn)
 V - +8 fire dragon scales (worn)
Jewellery
 d - an uncursed ring of magical power
 g - a +2 ring of intelligence
 p - an uncursed ring of positive energy
 q - an uncursed ring of resist corrosion
 x - the ring of Phasing (left hand) {EV+8}
   (You took it off an orc on level 9 of the Dungeon)

   [ring of evasion]

   It affects your evasion (+8).
 y - an uncursed ring of protection from cold
 E - an uncursed ring of magical power
 J - the amulet "Vygaomm" (around neck) {Regen+ Int+4}
   (You took it off a centaur warrior on level 9 of the Dungeon)

   [amulet of regeneration]

   It affects your intelligence (+4).
   It increases your rate of regeneration.
 M - the ring of Riafreg (right hand) {rElec Slay+6}
   (You took it off an orc on level 9 of the Dungeon)

   [ring of insulation]

   It affects your accuracy and damage with ranged weapons and melee attacks
   (+6).
   It insulates you from electricity.
 R - an uncursed ring of wizardry
Wands
 l - a wand of scattershot (4)
 s - a wand of digging (8)
 w - a wand of clouds (5)
 N - a wand of flame (17)
 U - a wand of acid (17)
 Z - a wand of iceblast (11)
Scrolls
 a - a scroll of magic mapping
 i - 10 scrolls of remove curse
 n - a scroll of teleportation
 t - 9 scrolls of amnesia
Potions
 h - 2 potions of cancellation
 k - 2 potions of agility
 m - a potion of might
 r - a potion of mutation
 z - 3 potions of brilliance
 A - 2 potions of lignification
 D - a potion of magic
 G - a potion of berserk rage
 O - 2 potions of haste
 X - 2 potions of flight
Miscellaneous
 Q - a lamp of fire
 T - a phial of floods
Comestibles
 c - 6 chunks of flesh
 f - 56 rations {!d}


   Skills:
 * Level 15.0(20.0) Fighting
 - Level 15.6(20.6) Long Blades
 * Level 14.9(19.9) Armour
 - Level 2.5(7.5) Dodging
 + Level 11.1(16.1) Shields
 - Level 1.7 Spellcasting
 * Level 9.5 Charms
 + Level 4.2 Necromancy
 + Level 6.0 Translocations
 * Level 11.4 Invocations


You had 4 spell levels left.
You knew the following spells:

 Your Spells              Type           Power        Failure   Level  Hunger
a - Ozocubu's Armour      Chrm/Ice       ####....     13%         3    ###....
b - Regeneration          Chrm/Necr      #####.....   6%          3    ###....
c - Animate Dead          Necr           N/A          43%         4    #####..
d - Spectral Weapon       Hex/Chrm       ####....     13%         3    ###....
e - Swiftness             Chrm/Air       ####....     7%          2    ##.....
f - Blink Other           Tloc           #####.       3%          1    #......

Your spell library contained the following spells:

 Spells                   Type           Power        Failure   Level  Hunger
 Infusion                 Chrm           ######..     1%          1    #......
 Song of Slaying          Chrm           ######..     1%          2    ##.....
 Animate Skeleton         Necr           N/A          6%          1    #......
 Pain                     Necr           ####         6%          1    #......
 Corpse Rot               Necr           N/A          9%          2    ##.....
 Sublimation of Blood     Necr           ####......   9%          2    ##.....
 Vampiric Draining        Necr           ####......   16%         3    ###....
 Beastly Appendage        Tmut           #.....       28%         1    #......
 Corona                   Hex            #......      28%         1    #......
 Freeze                   Ice            #.....       28%         1    #......
 Magic Dart               Conj           #...         28%         1    #......
 Sting                    Conj/Pois      #...         28%         1    #......
 Poisonous Vapours        Pois/Air       #.....       38%         2    ##.....
 Searing Ray              Conj           #.....       38%         2    ##.....
 Shackle                  Hex            #.......     38%         2    ##.....
 Sticks to Snakes         Tmut           #.......     38%         2    ##.....
 Throw Frost              Conj/Ice       #.....       38%         2    ##.....
 False Image              Hex/Summ       #.......     61%         3    ###....
 Ignite Poison            Fire/Tmut/Pois #.......     61%         3    ###....
 Inner Flame              Hex/Fire       N/A          61%         3    ###....
 Iskenderun's Mystic Bla  Conj           #.......     61%         3    ###....
 Spider Form              Tmut/Pois      #..          61%         3    ###....
 Static Discharge         Air            #.......     61%         3    ###....
 Airstrike                Air            #.........   93%         4    #####..
 Cause Fear               Hex            #.........   93%         4    #####..
 Fulminant Prism          Conj/Hex       #.........   93%         4    #####..
 Ice Form                 Ice/Tmut       #.......     93%         4    #####..
 Olgreb's Toxic Radiance  Pois           #.......     93%         4    #####..
 Petrify                  Tmut/Erth      #.......     93%         4    #####..
 Summon Ice Beast         Ice/Summ       #.......     93%         4    #####..
 Summon Scorpions         Summ/Pois      #.......     93%         4    #####..
 Throw Icicle             Conj/Ice       #.......     93%         4    #####..
 Yara's Violent Unravell  Hex/Tmut       #.........   93%         4    #####..
 Piercing Shot            Chrm           ######....   16%         5    ######.
 Iskenderun's Battlesphe  Conj/Chrm      ####....     69%         5    ######.
 Agony                    Necr           ####....     77%         5    ######.
 Dispel Undead            Necr           ####....     77%         5    ######.
 Bolt of Draining         Conj/Necr      ###.......   96%         5    ######.
 Deflect Missiles         Chrm/Air       ####......   99%         6    #######
 Steam Barrier            Chrm/Fire      ####......   99%         6    #######
 Alistair's Intoxication  Tmut/Pois      #.......     100%        5    ######.
 Blade Hands              Tmut           #.........   100%        5    ######.
 Bolt of Magma            Conj/Fire/Erth #.........   100%        5    ######.
 Fireball                 Conj/Fire      #.........   100%        5    ######.
 Irradiate                Conj/Tmut      #.........   100%        5    ######.
 Silence                  Hex/Air        #.........   100%        5    ######.
 Venom Bolt               Conj/Pois      #.........   100%        5    ######.
 Bolt of Fire             Conj/Fire      #.........   100%        6    #######
 Infestation              Hex/Tmut/Pois  #........    100%        6    #######
 Ozocubu's Refrigeration  Ice            #.........   100%        6    #######
 Mana Rupture             Conj/Hex       #.........   100%        7    #######
 Discord                  Hex            #.........   100%        8    #######
 Ignition                 Fire           #.........   100%        8    #######
 Time Stop                Chrm/Tloc      N/A          100%        8    #######


Dungeon Overview and Level Annotations

Branches:
Dungeon (12/12)            Temple (1/1) D:7            Lair (6/6) D:8
  Swamp (3/3) Lair:3       Spider (0/3) Lair:2        Slime (0/5) Lair:6
    Orc (1/1) D:11            Elf (1/3) Orc          Vaults (1/3) D:11
  Crypt (0/2) Vaults:1     Depths (0/5) D:12

Shops:
D:4 !   D:5 }   Orc :(%!

Portals:
Pandemonium:
Orc
Trove: D:11 (give 14 potions of heal wounds)


Innate Abilities, Weirdness & Mutations

You have an increased reservoir of magic. (+10% MP)
You have a pair of small horns on your head.
Your spells are a little harder to cast, but a little more powerful.


Message History

The ironheart preserver casts a spell.
The ironheart preserver begins to accept its allies' injuries.
The yaktaur shoots a bolt.
The bolt hits you but does no damage.
A yaktaur captain comes into view.
Casting: Regeneration (safe; 4% risk of failure)
Confirm with . or Enter, or press ? or * to list all spells.
Your skin crawls.
You are feeling hungry.
You feel less wooden.
Your scarf of spirit shield unmelds from your body.
Your +2 hat of intelligence unmelds from your body.
Your +0 pair of gloves unmelds from your body.
Your +2 pair of boots unmelds from your body.
Your +8 fire dragon scales unmelds from your body.
You feel spirits watching over you.
You feel clever.
The vault guard is engulfed in blazing flames. x2
The vault guard hits you from afar with a +0 bardiche!!!
You die...
Your divinity fades.

....'..#,,,,,,,,,,,,* *,,*,,,,**,
....#..'.,,,,,,,,,,,* *,,',,,**,,
....####.,,,,,,,,,,,* *,,',,**,,,
#'##...#*******###*** *,,###*,,,,
...#...# ##.## *,##.##,,,*
...#...# #####...####*##...##,**
####'######...#.∩.#..###..Yoh###o
..#...#...#.[.#.).#..CY.§p§c..ooo
..([......#...##@##..#.....§§Yh.C
.[#...#...'^...#☼#e..###.)...###p
[#######.##..R.cpp...#*##...##,**
..#...#...#...oCp§c).#*,##.##,,,*
..........#########§##*,,###,,,,,
..#...#...# #......#*,,,*,,,,,,
.#######.## #......#*,,,',,,,,,
..*,,,*...* #......#*,,,',,,,,,
...,,,,,,,* #......#*,,,*,,,,,,


You could see an ironheart preserver, a yaktaur captain, 2 vault guards, a
cyclops, a yaktaur and an orc.

Vanquished Creatures
  the Lernaean hydra (Swamp:2)
  Gastronok (D:11)
  A bone dragon (Abyss:1)
  Rupert (Lair:3)
  A titan (Vaults:1)
  A tentacled starspawn (Abyss:1)
  2 sphinxes (Vaults:1)
  A storm dragon (shapeshifter) (Vaults:1)
  A thorn hunter (Swamp:2)
  A frost giant (Vaults:1)
  A deep elf sorcerer (Elf:1)
  3 vault wardens (Vaults:1)
  An orc warlord (D:11)
  2 ironheart preservers (Vaults:1)
  Aizul (Swamp:1)
  A war gargoyle (Vaults:1)
  4 very ugly things
  Nessos (Lair:6)
  A red draconian (Volcano)
  An ettin (Vaults:1)
  Snorg (Lair:3)
  3 yaktaur captains (Vaults:1)
  A fire dragon (D:12)
  Josephine (Swamp:1)
  6 vault guards
  3 ghost crabs
  11 hydras
  A hydra (shapeshifter) (Vaults:1)
  A shambling mangrove (Swamp:2)
  An ice dragon (D:12)
  Harold (Lair:3)
  A merfolk avatar (Lair:6)
  Erolcha (D:11)
  3 catoblepae
  8 centaur warriors
  13 alligators
  4 dancing weapons
  An ogre mage (D:12)
  4 two-headed ogres
  Urug (Lair:4)
  A tengu warrior (D:12)
  7 orc high priests (Orc)
  A soul eater (Orc)
  6 deep elf knights
  6 spriggans
  6 skeletal warriors
  A fire crab (shapeshifter) (Lair:2)
  A salamander mystic (Volcano)
  A sea snake (Lair:6)
  A spriggan druid (Swamp:2)
  2 death drakes
  A flayed ghost (Vaults:1)
  3 unseen horrors
  A torturous demonspawn (Orc)
  3 wizards
  10 deep elf archers
  10 swamp dragons
  A glowing orange brain (Vaults:1)
  7 cyclopes
  2 necromancers
  A harpy (Lair:6)
  3 ironbrand convokers (Vaults:1)
  4 orc knights (Orc)
  40 deep elf magi
  A wolf spider zombie (D:12)
  5 orc sorcerers
  17 ugly things
  3 manticores
  11 slime creatures
  4 salamanders (Volcano)
  A moth of wrath (Elf:1)
  A worldbinder (Abyss:1)
  8 black mambas
  3 vault sentinels (Vaults:1)
  12 elephants
  A centaur zombie (D:11)
  A gargoyle (D:11)
  5 centaur skeletons
  2 molten gargoyles (Volcano)
  A smoke demon (Abyss:1)
  16 cane toads
  7 komodo dragons
  15 yaktaurs (Vaults:1)
  A kobold demonologist (D:8)
  7 rime drakes
  2 efreet (D:9)
  4 freezing wraiths
  2 ancient zymes (Abyss:1)
  4 red devils (Elf:1)
  A tengu conjurer (D:12)
  9 trolls
  6 polar bears
  An ice devil (Orc)
  A wind drake (Lair:6)
  7 bog bodies
  9 tyrant leeches
  Grinder (D:3)
  8 hornets
  5 hippogriffs
  A meliai zombie (D:10)
  2 air elementals (Elf:1)
  A shadow (D:9)
  A flying skull (Abyss:1)
  A redback (shapeshifter) (Elf:1)
  3 wyverns
  2 ynoxinuls
  3 basilisks
  50 yaks
  5 fire bats
  A water elemental (Elf:1)
  2 vampires
  8 wraiths
  A fire elemental (Abyss:1)
  20 humans (D:11)
  A hungry ghost (D:11)
  A steam dragon (Lair:3)
  A basilisk (shapeshifter) (Vaults:1)
  12 vampire mosquitoes
  A chaos spawn (Orc)
  6 swamp worms
  2 wargs
  7 insubstantial wisps
  An acid dragon (D:11)
  11 water moccasins
  Edmund (D:6)
  2 large abominations (Abyss:1)
  A floating eye (shapeshifter) (Vaults:1)
  4 porcupines
  2 phantoms
  4 sky beasts
  2 black bears
  25 orc warriors
  12 swamp drakes
  4 ice beasts
  2 necrophages (D:11)
  2 eyes of draining (D:12)
  6 wolves (Lair:2)
  13 ogres
  10 centaurs
  8 crocodiles
  2 big kobolds
  10 bullfrogs
  An earth elemental (Abyss:1)
  2 water moccasin zombies
  5 scorpions
  A water moccasin skeleton (D:9)
  10 killer bees
  A vampire bat (Lair:3)
  15 wights
  3 howler monkeys
  An electric eel (Lair:3)
  8 crimson imps
  A starcursed mass (Abyss:1)
  A bullfrog zombie (D:7)
  6 lava snakes (Volcano)
  2 hounds
  Crazy Yiuf (D:7)
  A quasit (Abyss:1)
  An iron imp (Abyss:1)
  4 jellies
  21 orc priests
  A bullfrog skeleton (D:9)
  4 iguanas
  13 worker ants
  17 orc wizards
  A worker ant (shapeshifter) (Lair:2)
  A worker ant zombie (D:8)
  11 adders
  3 shadow imps
  An ooze (D:2)
  2 adder skeletons (D:5)
  3 worms
  2 dart slugs
  5 leopard geckos
  55 orcs
  13 bats
  A giant cockroach (D:1)
  3 goblins (D:1)
  10 hobgoblins
  9 jackals
  16 kobolds
  9 quokkas
  A ball python (D:2)
  11 frilled lizards
  7 rats
932 creatures vanquished.

Vanquished Creatures (collateral kills)
  2 vampire mosquitoes (Swamp:1)
  A swamp drake (Swamp:1)
  A porcupine (Lair:5)
4 creatures vanquished.

Vanquished Creatures (others)
  A frost giant (D:9)
  A fire dragon (Vaults:1)
  A yaktaur captain (Vaults:1)
  A death knight (Vaults:1)
  An alligator (Swamp:1)
  A shadow wraith (D:9)
  An unseen horror (Vaults:1)
  An ironbrand convoker (Vaults:1)
  An orc sorcerer (Vaults:1)
  A cane toad (Swamp:3)
  3 yaktaurs (Vaults:1)
  A hornet (Swamp:1)
  A shadow (D:9)
  A spriggan (Swamp:1)
  A yak (D:9)
  A swamp worm (Swamp:3)
  An orc warrior (Vaults:1)
  A swamp drake (Swamp:1)
  3 orc wizards
  An orc (D:9)
  A fire vortex (Swamp:2)
  11 fungi
  7 plants
  8 spectral weapons
  2 starspawn tentacles (Abyss:1)
  6 toadstools (Swamp:2)
59 creatures vanquished.

Grand Total: 995 creatures vanquished

Notes
Turn   | Place    | Note
-------+----------+-------------------------------------------
     0 | D:1      | pheathergobbo575 the Demigod Skald began the quest for the
                  | Orb.
     0 | D:1      | Reached XP level 1. HP: 17/17 MP: 5/5
   207 | D:1      | Reached XP level 2. HP: 23/24 MP: 7/7
   258 | D:1      | Reached skill level 1 in Armour
   394 | D:1      | Reached * piety under Demigod
   735 | D:2      | Reached XP level 3. HP: 27/29 MP: 8/8
  1146 | D:2      | Found a blossoming altar of Fedhas.
  1245 | D:2      | Found an opulent altar of Gozag.
  1439 | D:3      | Noticed Grinder
  1439 | D:3      | Paralysed by Grinder for 3 turns
  1495 | D:2      | Learned a level 3 spell: Regeneration
  1564 | D:3      | Reached XP level 4. HP: 36/36 MP: 9/9
  1570 | D:3      | Reached ** piety under Demigod
  1583 | D:3      | Paralysed by Grinder for 4 turns
  1742 | D:3      | Found a bloodstained altar of Trog.
  1954 | D:3      | Gained mutation: Your spells are a little harder to cast,
                  | but a little more powerful. [potion of mutation]
  1954 | D:3      | Gained mutation: You have a pair of small horns on your
                  | head. [potion of mutation]
  1963 | D:3      | Reached skill level 1 in Invocations
  1963 | D:3      | Reached XP level 5. HP: 41/41 MP: 10/10
  2035 | D:3      | Found a radiant altar of Vehumet.
  2169 | D:3      | Found a shattered altar of Ashenzari.
  2179 | D:3      | Found a white marble altar of Elyvilon.
  2381 | D:3      | Paralysed by Grinder for 2 turns
  2402 | D:3      | Killed Grinder
  2402 | D:3      | Reached XP level 6. HP: 35/49 MP: 11/11
  2755 | D:4      | Reached skill level 5 in Long Blades
  3017 | D:4      | Found Nuevataz's Distillery.
  3023 | D:4      | Bought a potion of curing for 33 gold pieces
  3027 | D:4      | Found a snail-covered altar of Cheibriados.
  3144 | D:4      | Found a sacrificial altar of Ru.
  3145 | D:4      | Found a glowing golden altar of the Shining One.
  3307 | D:5      | Entered Level 5 of the Dungeon
  3312 | D:5      | Noticed a troll
  3357 | D:5      | Noticed an ice beast
  3369 | D:5      | Killed an ice beast
  3369 | D:5      | Reached XP level 7. HP: 9/56 MP: 12/12
  3673 | D:5      | Reached *** piety under Demigod
  3992 | D:5      | Found Saruno's Gadget Emporium.
  4009 | D:5      | Reached XP level 8. HP: 29/63 MP: 13/13
  4299 | D:5      | Found a basalt altar of Yredelemnul.
  4495 | D:6      | Found a stormy altar of Qazlal.
  4501 | D:6      | Found a hide-covered altar of Uskayaw.
  4501 | D:6      | Noticed a hippogriff
  4511 | D:6      | Killed a hippogriff
  5217 | D:6      | Noticed Edmund
  5240 | D:6      | Killed Edmund
  5240 | D:6      | Reached XP level 9. HP: 63/71 MP: 14/14
  5486 | D:7      | Reached **** piety under Demigod
  6249 | D:7      | Found a runed door.
  6298 | D:7      | Found a staircase to the Ecumenical Temple.
  6304 | Temple   | Entered the Ecumenical Temple
  7011 | D:7      | Noticed Crazy Yiuf
  7016 | D:7      | Killed Crazy Yiuf
  7249 | D:8      | Noticed a freezing wraith
  7291 | D:7      | Killed a freezing wraith
  7336 | D:8      | Reached skill level 10 in Long Blades
  7545 | D:8      | Noticed an elephant
  7568 | D:8      | Reached skill level 5 in Armour
  7584 | D:8      | Reached XP level 10. HP: 24/80 MP: 15/15
  7598 | D:8      | Killed an elephant
  7598 | D:8      | Reached skill level 5 in Charms
  7714 | D:8      | Found a staircase to the Lair.
  7948 | D:9      | Found a shimmering altar of Xom.
  7982 | D:9      | Noticed a deep elf mage
  8002 | D:9      | Killed an unseen horror
  8002 | D:9      | Reached skill level 5 in Fighting
  8010 | D:9      | Killed a deep elf mage
  8030 | D:9      | Noticed a centaur warrior
  8032 | D:9      | Identified the ring of Riafreg {rElec Slay+6}
  8052 | D:9      | Identified the amulet "Vygaomm" {Regen+ Int+4}
  8052 | D:9      | Noticed a centaur warrior
  8053 | D:9      | Noticed a rust devil
  8055 | D:9      | Found a hazy altar of Hepliaklqana.
  8074 | D:9      | Killed a shadow wraith
  8079 | D:9      | Noticed a necromancer
  8081 | D:9      | Noticed a rust devil
  8083 | D:9      | Killed a centaur warrior
  8180 | D:8      | Learned a level 3 spell: Ozocubu's Armour
  8208 | D:9      | Noticed a centaur warrior
  8406 | D:9      | Reached ***** piety under Demigod
  8472 | D:8      | Reached XP level 11. HP: 83/88 MP: 17/17
  8584 | D:9      | Killed a necromancer
  8669 | D:9      | Killed a centaur warrior
  8808 | D:9      | Killed a centaur warrior
  8808 | D:9      | Reached skill level 1 in Shields
  8854 | D:9      | Noticed a frost giant
  8855 | D:9      | Noticed an eight-headed hydra
  9077 | D:10     | Entered Level 10 of the Dungeon
  9322 | D:10     | HP: 4/89 [large slime creature (14)]
  9772 | D:10     | Noticed a purple ugly thing
  9786 | D:10     | Killed a purple ugly thing
 10329 | D:9      | Killed a one-headed hydra
 10329 | D:9      | Reached XP level 12. HP: 50/97 MP: 15/18
 10631 | D:9      | Killed a frost giant
 11011 | D:11     | Found a portal to a secret trove of treasure.
 11045 | D:11     | Noticed Erolcha
 11058 | D:11     | Killed Erolcha
 11073 | D:11     | Noticed Gastronok
 11090 | D:11     | Killed Gastronok
 11139 | D:11     | Noticed a centaur warrior
 11148 | D:11     | Killed a centaur warrior
 11183 | D:11     | Found a staircase to the Orcish Mines.
 11309 | D:11     | Noticed a two-headed ogre
 11315 | D:11     | Killed a two-headed ogre
 11371 | D:11     | Reached XP level 13. HP: 105/105 MP: 19/19
 11449 | D:11     | Reached ****** piety under Demigod
 11476 | D:11     | Found a gate to the Vaults.
 11668 | D:11     | Reached skill level 10 in Armour
 12203 | D:12     | Entered Level 12 of the Dungeon
 12517 | D:12     | Reached skill level 15 in Long Blades
 12625 | D:12     | Reached skill level 5 in Shields
 12750 | D:12     | Found a sacrificial altar of Ru.
 12824 | D:12     | Got a polished mace
 12852 | D:12     | Identified the +5 mace of Jiatoh Qedgh {crush, rElec MP+9
                  | Str+7 Dex+3} (You found it on level 12 of the Dungeon)
 13023 | D:12     | Noticed a fire dragon
 13035 | D:12     | Reached XP level 14. HP: 105/116 MP: 11/20
 13067 | D:12     | Found a staircase to the Depths.
 13590 | D:12     | Reached skill level 1 in Necromancy
 13830 | Lair:1   | Entered Level 1 of the Lair of Beasts
 14836 | Lair:2   | Found a hole to the Spider Nest.
 15806 | Lair:3   | Found a dark tunnel.
 15812 | Lair:3   | Noticed Snorg
 15821 | Lair:3   | Killed Snorg
 15845 | Volcano  | Entered a volcano
 16120 | Volcano  | Found a burning altar of Makhleb.
 16550 | Lair:3   | Found a staircase to the Swamp.
 16634 | Lair:3   | Noticed Rupert
 16655 | Lair:3   | Killed Rupert
 16874 | Lair:3   | Noticed Harold
 16885 | Lair:3   | Killed Harold
 16897 | Lair:3   | Learned a level 4 spell: Animate Dead
 17287 | Lair:4   | Noticed Urug
 17292 | Lair:4   | Killed Urug
 17292 | Lair:4   | Reached skill level 5 in Invocations
 17962 | Lair:5   | Found a gate leading to a gauntlet.
 18027 | Lair:5   | Reached skill level 10 in Fighting
 18157 | Lair:5   | Reached XP level 15. HP: 126/126 MP: 21/23
 18703 | Lair:6   | Entered Level 6 of the Lair of Beasts
 19073 | Lair:6   | Identified a scroll of acquirement
 19076 | Lair:6   | Got a warped plate armour
 19158 | Lair:6   | Identified the +6 plate armour "Ycwomell" {*Slow rPois rN+
                  | Regen+} (You acquired it on level 6 of the Lair of Beasts)
 19182 | Lair:6   | Noticed Nessos
 19191 | Lair:6   | Killed Nessos
 19242 | Lair:6   | Found a staircase to the Slime Pits.
 19243 | Lair:6   | Found a viscous altar of Jiyva.
 20146 | Orc      | Entered the Orcish Mines
 20435 | Orc      | Found Repaescha's Food Shoppe.
 20443 | Orc      | Found Aplomn's Distillery.
 21025 | Orc      | Paralysed by an orc sorcerer for 4 turns
 21359 | Orc      | Found Haesch's Antique Weapon Boutique.
 21359 | Orc      | Found a one-way gate leading to the halls of Pandemonium.
 21359 | Orc      | Found Gemp's Book Shop.
 21374 | Orc      | Bought a book of Enchantments for 700 gold pieces
 21374 | Orc      | Bought a book of Death for 980 gold pieces
 21378 | Orc      | Learned a level 3 spell: Spectral Weapon
 21378 | Orc      | Bought Bidicw's Reference Book on the Voyage and Flight for
                  | 945 gold pieces
 21381 | Orc      | Learned a level 2 spell: Swiftness
 21454 | Orc      | Found a staircase to the Elven Halls.
 21593 | Elf:1    | Entered Level 1 of the Elven Halls
 21876 | Elf:1    | Learned a level 1 spell: Blink Other
 22177 | Elf:1    | Reached skill level 1 in Translocations
 22220 | Elf:1    | Reached XP level 16. HP: 111/111 MP: 20/25
 22256 | Elf:1    | Paralysed by an orc sorcerer for 4 turns
 22258 | Elf:1    | Cast into level 1 of the Abyss (a deep elf sorcerer)
 22502 | Abyss:1  | Noticed a tentacled starspawn
 22511 | Abyss:1  | Killed a tentacled starspawn
 22537 | Abyss:1  | Noticed a bone dragon
 22562 | Abyss:1  | Killed a bone dragon
 22757 | Elf:1    | Escaped the Abyss
 22764 | Elf:1    | Paralysed by an orc sorcerer for 4 turns
 22830 | Elf:1    | Identified the Guide on Confrontation
 23588 | Swamp:1  | Entered Level 1 of the Swamp
 23747 | Swamp:1  | Noticed Josephine
 23749 | Swamp:1  | Noticed Aizul
 23781 | Swamp:1  | Killed Aizul
 23787 | Swamp:1  | Killed Josephine
 23879 | Swamp:1  | Got an encrusted falchion
 23880 | Swamp:1  | Identified the +9 falchion of the Apocalypse {freeze,
                  | Dex+8} (You found it on level 1 of the Swamp)
 25120 | Swamp:2  | Noticed a thorn hunter
 25136 | Swamp:2  | Killed a thorn hunter
 25286 | Swamp:2  | Found the +8 glaive of the Guard {elec, +Rage AC+5 SInv}
 25494 | Swamp:2  | Reached XP level 17. HP: 150/150 MP: 28/28
 25929 | Swamp:3  | Entered Level 3 of the Swamp
 26240 | Swamp:3  | Reached skill level 10 in Shields
 26759 | Swamp:3  | Noticed the 27-headed Lernaean hydra
 27599 | Swamp:3  | Reached skill level 10 in Invocations
 27800 | Swamp:3  | Got a decaying rune of Zot
 28103 | Swamp:2  | Killed the 20-headed Lernaean hydra
 28103 | Swamp:2  | Reached skill level 5 in Translocations
 28340 | Vaults:1 | Entered Level 1 of the Vaults
 28349 | Vaults:1 | Paralysed by a floating eye for 2 turns
 29065 | Vaults:1 | Paralysed by an orc sorcerer for 2 turns
 29450 | Vaults:1 | Paralysed by a sphinx for 4 turns
 29459 | Vaults:1 | Reached XP level 18. HP: 76/159 MP: 14/30
 29861 | Vaults:1 | Paralysed by a sphinx for 4 turns
 29896 | Vaults:1 | HP: 12/243 [deep elf archer/arrow (3)]
 29899 | Vaults:1 | Reached skill level 15 in Fighting
 29904 | Vaults:1 | HP: 5/244 [vault guard/+0 glaive (19)]
 29911 | Vaults:1 | Slain by a vault guard

Skill      XL: |  1  2  3  4  5  6  7  8  9 10 11 12 13 14 15 16 17 18 |
---------------+-------------------------------------------------------+-----
Long Blades    | 2 3 4 5 6 8 10 11 13 14 15 | 15.6
Dodging        | 2 |  2.5
Armour         | 1 2 3 4 5 6 7 9 11 13 14 | 14.9
Fighting       | 2 3 4 5 6 7 8 10 12 13 14 15 | 15.0
Invocations    | 1 2 5 7 9 11 | 11.4
Charms         | 3 4 5 6 7 8 9 |  9.5
Shields        | 2 3 5 6 8 9 10 11 | 11.1
Necromancy     | 1 3 4 |  4.2
Translocations | 1 4 5 6 |  6.0
Spellcasting   | |  1.7

Action                   |  1- 3 |  4- 6 |  7- 9 | 10-12 | 13-15 | 16-18 || total
-------------------------+-------+-------+-------+-------+-------+-------++-------
Melee: Falchion          |   193 |   210 |   176 |       |       |       ||   579
       Headbutt          |       |    31 |   129 |   230 |   326 |   327 ||  1043
       Long sword        |       |       |   111 |   205 |       |       ||   316
       Scimitar          |       |       |   176 |   476 |  1204 |  1049 ||  2905
       Punch             |       |       |       |     1 |       |       ||     1
       Triple sword      |       |       |       |       |     2 |    68 ||    70
 Cast: Regeneration      |       |       |       |       |     8 |    11 ||    19
       Ozocubu's Armour  |       |       |       |       |     8 |    11 ||    19
       Spectral Weapon   |       |       |       |       |     1 |     8 ||     9
Invok: Heroism           |       |       |     1 |     8 |     2 |     5 ||    16
       Divine Shield     |       |       |       |     1 |     1 |     5 ||     7
       Smiting           |       |       |       |       |     4 |       ||     4
       Temporal Distorti |       |       |       |       |       |     2 ||     2
       Major Destruction |       |       |       |       |       |     1 ||     1
Evoke: Wand              |       |       |       |       |       |     7 ||     7
  Use: Potion            |       |     6 |     2 |       |     5 |    14 ||    27
       Scroll            |       |     1 |       |    13 |    24 |    18 ||    56
 Stab: Petrifying        |       |       |       |       |     3 |     3 ||     6
       Paralysed         |       |       |       |       |     8 |    12 ||    20
       Confused          |       |       |       |       |     3 |     5 ||     8
       Petrified         |       |       |       |       |       |     1 ||     1
  Eat: Chunk             |     2 |     5 |    12 |    14 |    39 |    12 ||    84
       Ration            |       |       |     1 |       |       |     6 ||     7
Armor: Chain mail        |   144 |    57 |       |       |       |       ||   201
       Leather armour    |     3 |       |       |       |       |       ||     3
       Plate armour      |       |    61 |   267 |   289 |   152 |       ||   769
       Fire dragon scale |       |       |       |       |   245 |   576 ||   821
       Skin              |       |       |       |       |       |    17 ||    17
Dodge: Dodged            |    94 |    89 |   145 |   190 |   645 |   849 ||  2012
Block: Other             |     2 |    11 |    49 |    45 |     2 |    78 ||   187
       Buckler           |       |       |       |   203 |   579 |   618 ||  1400
       Reflection        |       |       |       |       |    10 |    58 ||    68
